 Dungeon Crawl Stone Soup version 0.18-a0-1628-g61c6396 (webtiles) character file.

92 Ijustatesigmund the Sneak (level 4, -1/23 HPs)
             Began as a Spriggan Assassin on Mar 25, 2016.
             Slain by mdfi's ghost (8 damage)
             ... on level 3 of the Dungeon.
             The game lasted 00:04:15 (1740 turns).

Ijustatesigmund the Sneak (Spriggan Assassin)       Turns: 1740, Time: 00:04:15

Health: -1/23      AC:  4    Str:  7    XL:     4   Next: 35%
Magic:  5/5        EV: 17    Int: 15    God:
Gold:   76         SH:  0    Dex: 18    Spells: 0 memorised, 3 levels left

rFire  . . .     SeeInvis +     k - +3 dagger
rCold  . . .     Gourm    .     c - +0 robe
rNeg   . . .     Faith    .     (shield restricted)
rPois  .         Spirit   .     (helmet restricted)
rElec  .         Dismiss  .     d - +1 cloak
rCorr  .         Reflect  .     (gloves unavailable)
SustAt .         Harm     .     (boots unavailable)
MR     .....                    (no amulet)
Stlth  ++++......               (no ring)
                                n - +3 ring of intelligence

@: very quick, not resistant to hostile enchantments, stealthy
A: unfitting armour, see invisible, herbivore 3, speed 3, slow metabolism 2
a: no special abilities


You were on level 3 of the Dungeon.
You were not hungry.

You visited 1 branch of the dungeon, and saw 3 of its levels.

You collected 76 gold pieces.

Inventory:

Hand Weapons
 a - a +2 dagger
 b - a +0 blowgun
 k - a +3 dagger (weapon)
Missiles
 e - 24 poisoned needles
 f - 2 curare-tipped needles
Armour
 c - a +0 robe (worn)
 d - a +1 cloak (worn)
Jewellery
 n - a +3 ring of intelligence (left hand)
Wands
 i - a wand of iceblast (8/15)
Scrolls
 m - a scroll of magic mapping
 r - a scroll of remove curse
Potions
 h - 2 potions of heal wounds
 j - a potion of flight {unknown}
 l - a potion of degeneration {unknown}
 o - 2 potions of mutation {unknown}
 p - a potion of curing {unknown}
 q - a potion of agility {unknown}
Comestibles
 g - 3 bread rations


   Skills:
 - Level 2.8 Fighting
 - Level 3.7 Short Blades
 - Level 2.3 Throwing
 - Level 1.5 Dodging
 + Level 5.8 Stealth


You had 3 spell levels left.
You didn't know any spells.

Dungeon Overview and Level Annotations

Branches:
Dungeon (3/15)

Altars:
Ashenzari
Okawaru
Trog
Xom
Yredelemnul
The Shining One

Annotations:
D:3 mdfi's ghost, amateur FoWr


Innate Abilities, Weirdness & Mutations

You are tiny and cannot use many weapons and most armour.
You have supernaturally acute eyesight.
You are a herbivore.
You cover ground extremely quickly.
You need consume almost no food.


Message History

Mdfi's ghost is severely damaged.
Mdfi's ghost misses you.
You hit mdfi's ghost.
Mdfi's ghost is almost destroyed.
Mdfi's ghost closely misses you.
You closely miss mdfi's ghost.
Mdfi's ghost is almost destroyed.
You barely miss mdfi's ghost.
Mdfi's ghost is almost destroyed.
Mdfi's ghost closely misses you.
You barely miss mdfi's ghost.
Mdfi's ghost is almost destroyed.
Mdfi's ghost closely misses you.
You closely miss mdfi's ghost.
Mdfi's ghost is almost destroyed.
Mdfi's ghost hits you.
You hit mdfi's ghost.
Mdfi's ghost is almost destroyed.
Mdfi's ghost hits you!
You die...

####.#>......# #
#.......##### #
####.##........# ##.
#.... #.........
#..####.#####.........
#.........<........#
#...>.....#........#
#.W.......#.########
#..@...#######
######## ##_## 8...8#
#.....# 8.....8#
....##


You could see mdfi's ghost.

Vanquished Creatures
  5 adders
  2 worms (D:2)
  A giant gecko (D:1)
  A giant cockroach (D:1)
  4 goblins
  5 hobgoblins
  6 jackals
  5 kobolds
  5 bats
  2 giant newts (D:1)
  5 rats
41 creatures vanquished.

Notes
Turn   | Place    | Note
--------------------------------------------------------------
     0 | D:1      | Ijustatesigmund the Spriggan Assassin began the quest for the Orb.
     0 | D:1      | Reached XP level 1. HP: 10/10 MP: 2/2
   278 | D:2      | Reached XP level 2. HP: 13/15 MP: 3/3
   297 | D:2      | Found an iron altar of Okawaru.
   384 | D:2      | Reached XP level 3. HP: 9/18 MP: 4/4
   538 | D:3      | Found a bloodstained altar of Trog.
   549 | D:3      | Noticed mdfi's ghost (amateur FoWr)
  1176 | D:1      | Reached XP level 4. HP: 23/23 MP: 5/5
  1540 | D:2      | Found a shattered altar of Ashenzari.
  1675 | D:2      | Found a glowing golden altar of the Shining One.
  1675 | D:2      | Found a basalt altar of Yredelemnul.
  1676 | D:2      | Found a shimmering altar of Xom.
  1740 | D:3      | Slain by mdfi's ghost

Vault maps used:
D:1:      scummos_arrival_simple_crosswalls
D:2:      ashenzari_conservatory_becter, gammafunk_temple_overflow_claw,
          okawaru_gym_becter
D:3:      nicolae_overflow_hidden_temple

Skill      XL: |  1  2 |
---------------+-------+-----
Fighting       | 2 |  2.8
Short Blades   | 3 |  3.7
Throwing       | |  2.3
Dodging        | |  1.5
Stealth        | |  5.8

Action                   |  1- 3 |  4- 6 || total
-------------------------+-------+-------++-------
Melee: Dagger            |    93 |    45 ||   138
  Use: Scroll            |     4 |     3 ||     7
 Stab: Sleeping          |    12 |     1 ||    13
